 Dungeon Crawl Stone Soup version 0.30-a0-1075-gcd70e7a56d (webtiles) character file.

Game seed: 14891994372677872889

491 demibob the Poker (level 6, 0/42 HPs)
             Began as a Demonspawn Chaos Knight on Apr 15, 2023.
             Was a Plaything of Xom.
             Slain by an orc wizard
             ... wielding a +0 dagger
              (3 damage)
             ... on level 5 of the Dungeon.
             The game lasted 00:07:37 (3254 turns).

demibob the Poker (Demonspawn Chaos Knight)         Turns: 3254, Time: 00:07:37

Health: 0/42       AC:  8    Str:  9 (12) XL:     6   Next: 91%
Magic:  6/6        EV: 11    Int: 12 (14) God:    Xom [....*.]
Gold:   165        SH:  0    Dex: 11 (12) Spells: 5/5 levels left

rFire   . . .      SeeInvis .    a - +0 spear (chaos)
rCold   . . .      Faith    .    (no shield)
rNeg    . . .      Spirit   .    b - +2 leather armour
rPois   .          Reflect  .    (helmet restricted)
rElec   .          Rampage  .    p - +0 cloak
rCorr   .                        t - +1 pair of gloves
Will    .....                    (no boots)
Stlth   +                        (no amulet)
HPRegen 0.27/turn                (no ring)
MPRegen 0.10/turn                (no ring)

@: confused, mighty, studying Shields, invisible
A: antennae 1, powered by pain 1, frail 1, weak 1
a: Renounce Religion


You were on level 5 of the Dungeon.
You worshipped Xom.
You were a beloved toy of Xom.
You visited 1 branch of the dungeon, and saw 5 of its levels.

You collected 165 gold pieces.


Innate Abilities, Weirdness & Mutations

You have a pair of small antennae on your head.
You sometimes gain a little power by taking damage.
You are frail. (-10% HP)
You are weak. (Str -2)


   Skills:
 - Level 3.0 Fighting
 + Level 7.2 Polearms
 - Level 1.7 Armour
 - Level 0.8 Dodging


You had 5 spell levels left.
You didn't know any spells.
Your spell library contained the following spells:

 Spells                   Type           Power      Damage    Failure   Level
 Sting                    Tmut/Pois      0%         1d3       41%         1
 Cigotuvi's Dreadful Rot  Necr/Pois/Air  0%         N/A       56%         2
 Poisonous Vapours        Pois/Air       0%         N/A       56%         2
 Call Canine Familiar     Summ           0%         N/A       80%         3
 Ignite Poison            Fire/Tmut/Pois 0%         N/A       80%         3
 Portal Projectile        Hex/Tloc       0%         N/A       80%         3
 Leda's Liquefaction      Hex/Erth       0%         N/A       99%         4
 Olgreb's Toxic Radiance  Pois           0%         N/A       99%         4
 Sticky Flame             Conj/Fire      0%         2d3       99%         4
 Freezing Cloud           Conj/Ice/Air   0%         6-21      100%        5
 Ignition                 Fire           0%         3d3       100%        8

Inventory:

Hand Weapons
 a - a +0 spear of chaos (weapon)
Armour
 b - a +2 leather armour (worn)
 p - a +0 cloak (worn)
 t - a +1 pair of gloves (worn)
Jewellery
 s - an amulet of magic regeneration
Wands
 g - a wand of roots (6)
Scrolls
 d - a scroll of teleportation {@r2}
 n - a scroll of fog
Potions
 r - a potion of degeneration
Miscellaneous
 c - a piece from Xom's chessboard (15/15) (quivered)

Dungeon Overview and Level Annotations

Branches:
Dungeon (5/15)
 Temple: D:4-7

Altars:
Fedhas
Qazlal
Yredelemnul

Shops:
D:3 (

Annotations:
D:2 1 runed translucent door, Crazy Yiuf
D:4 Pikel

##+# ###############
..... .........##...#
.....
..............#......
......§$......#......
.............){o.....
.......†.....@###.##
..##..##.##...# . ##+
#.##...# .......#
........# .........#
...?....... ........#


You could see an orc wizard (unable to see you).


Message History

You feel less wooden.
Your +0 cloak unmelds from your body.
Your +1 pair of gloves unmelds from your body.
Your +2 leather armour unmelds from your body.
The orc hits you with a +0 whip.
* * * LOW HITPOINT WARNING * * *
Something hits you but does no damage.
You feel less attractive to monsters.
It was a potion of mutation.
You feel extremely strange.
You feel frail.
You feel weaker. The orc hits you but does no damage. Something hits you.
* * * LOW HITPOINT WARNING * * *
The orc hits you but does no damage.
You feel very mighty all of a sudden. The orc barely misses you.
Something hits you but does no damage.
You closely miss the orc.
The orc is almost dead.
The orc hits you with a +0 whip.
* * * LOW HITPOINT WARNING * * *
The orc wizard gestures at you while chanting.
The magic dart hits something.
Something hits you.
* * * LOW HITPOINT WARNING * * *
You puncture the orc!
You kill the orc!
You miss something. "Go forth and cause havoc, mortal!"
You fade into invisibility!
You hear some strange, mumbled words.
You are confused.
You completely miss something. Something hits you.
You die...

Skill      XL: |  1  2  3  4  5  6 |
---------------+-------------------+-----
Polearms       | 3 4 6 7 |  7.2
Fighting       | |  3.0
Armour         | |  1.7
Dodging        | |  0.8

Action                     |  1- 3 |  4- 6 || total
---------------------------+-------+-------++-------
  Melee: Spear             |   133 |   182 ||   315
         Punch             |       |     1 ||     1
    Use: Scroll            |       |    13 ||    13
         Potion            |       |    12 ||    12
   Stab: Sleeping          |     4 |       ||     4
         Paralysed         |     4 |       ||     4
         Invisible         |       |     2 ||     2
 Armour: Leather armour    |    34 |    62 ||    96
         Skin              |       |     3 ||     3
  Dodge: Dodged            |    52 |    71 ||   123

Levels and vault maps discovered:
D:1:      roderic_crossed_star, layout_loops_ring
D:2:      layout_basic, minmay_tree_intersection, uniq_crazy_yiuf_cottage,
          uniq_terence, uniq_sigmund
D:3:      cheibrodos_old_hovel, layout_basic,
          grunt_temple_overflow_forces_of_nature,
          lemuel_zombie_altar_yredelemnul, serial_shops, shop
D:4:      layout_cave_pools, st_stairs_8, minmay_manual_monolith, uniq_pikel
D:5:      layout_gridville, grunt_nemelex_the_gamble, gup_sewer_entry_bowl,
          lemuel_flamethrower_2

Notes
Turn   | Place    | Note
-------+----------+-------------------------------------------
     0 | D:1      | demibob the Demonspawn Chaos Knight began the quest for the
                  | Orb.
     0 | D:1      | Reached XP level 1. HP: 18/18 MP: 1/1
   174 | D:1      | Reached skill level 3 in Polearms
   190 | D:1      | Gained mutation: You have a pair of small antennae on your
                  | head. [demonic ancestry]
   190 | D:1      | Reached XP level 2. HP: 17/24 MP: 2/2
   242 | D:1      | XOM: divination: detect creatures
   289 | D:1      | XOM: silly message
   298 | D:1      | XOM: silly message
   303 | D:1      | XOM: silly message
   469 | D:1      | XOM: silly message
   628 | D:1      | XOM: cloud trail
   772 | D:2      | XOM: stealth player
   824 | D:2      | Reached XP level 3. HP: 29/29 MP: 3/3
   833 | D:2      | Reached skill level 4 in Polearms
   880 | D:2      | XOM: fog
  1110 | D:2      | Noticed Terence
  1127 | D:2      | Killed Terence
  1128 | D:2      | Reached XP level 4. HP: 20/35 MP: 4/4
  1226 | D:2      | Noticed Sigmund
  1427 | D:2      | Identified the +9 hammer of the Swamp {flame, rF- rC+++
                  | Int+4}
  1431 | D:2      | Found a runed translucent door.
  1432 | D:2      | Identified the +4 hammer "Nytyesin" {pain, Drain rElec
                  | rCorr Int+5}
  1432 | D:2      | Noticed Crazy Yiuf
  1437 | D:2      | XOM: divination: detect items
  1484 | D:2      | XOM: enchant monster (good)
  1502 | D:2      | Killed Sigmund
  1503 | D:2      | Reached skill level 6 in Polearms
  1503 | D:2      | Reached XP level 5. HP: 39/41 MP: 5/5
  1808 | D:3      | Found a basalt altar of Yredelemnul.
  1952 | D:3      | Found a stormy altar of Qazlal.
  1967 | D:3      | Found a blossoming altar of Fedhas.
  2196 | D:3      | Found Rixiraz's Antique Weapon Shop.
  2243 | D:3      | Gained mutation: You sometimes gain a little power by
                  | taking damage. [demonic ancestry]
  2243 | D:3      | Reached XP level 6. HP: 47/47 MP: 6/6
  2334 | D:3      | XOM: divination: detect items
  2447 | D:4      | XOM: divination: magic mapping
  2516 | D:4      | XOM: potion effect (invisibility)
  2829 | D:4      | Reached skill level 7 in Polearms
  2937 | D:4      | Noticed Pikel
  2940 | D:4      | XOM: summons friendly white imp
  2955 | D:4      | XOM: chaos cloud
  2958 | D:4      | Paralysed by you for 3 turns
  2961 | D:4      | XOM: butterfly on damage
  2963 | D:4      | Pikel changed into Pikel the warg
  2963 | D:4      | Noticed Pikel
  3176 | D:5      | Entered Level 5 of the Dungeon
  3211 | D:5      | XOM: summons 3 hostile shadow creatures
  3219 | D:5      | XOM: smoke on damage
  3224 | D:5      | XOM: fog
  3249 | D:5      | Gained mutation: You are frail. (-10% HP) [potion of
                  | mutation]
  3249 | D:5      | Gained mutation: You are weak. (Str -2) [potion of
                  | mutation]
  3249 | D:5      | HP: 4/42 [something (1)]
  3253 | D:5      | XOM: potion effect (invisibility)
  3254 | D:5      | Slain by an orc wizard

Vanquished Creatures
  Sigmund (D:2)
  A kobold brigand (D:4)
  A howler monkey (D:5)
  A gnoll bouda (D:4)
  Terence (D:2)
  An orc wizard (D:4)
  3 gnolls (D:4)
  5 adders
  An adder zombie (D:3)
  2 worms
  3 orcs
  6 ball pythons
  6 endoplasms
  2 giant cockroaches
  13 goblins
  5 hobgoblins
  3 jackals (D:1)
  5 quokkas
  A ball python zombie (D:3)
  8 bats
  2 frilled lizards (D:1)
  4 kobolds
  4 rats
79 creatures vanquished.

Table legend: (Time is in decaauts)
 A = Elapsed time spent in this place.
 B = Non-inter-level travel time spent in this place.
 C = Inter-level travel time spent in this place.
 D = Time resting spent in this place.
 E = Time spent auto-exploring this place.
 F = Levels seen in this place.
 G = Mean time per level.
                   A        B        C        D        E       F      G
               +--------+--------+--------+--------+--------+-----+--------+
         Total |   3202 |   3063 |    139 |    210 |   2195 |   5 |  640.4 |
       Dungeon |   3202 |   3063 |    139 |    210 |   2195 |   5 |  640.4 |
               +--------+--------+--------+--------+--------+-----+--------+

Top non-repeatable levels by time:
     D:3: 899 daAuts
     D:1: 766 daAuts
     D:2: 743 daAuts
     D:4: 722 daAuts
     D:5: 70 daAuts

Table legend:
 A = Non-vault XP
 B = Vault XP
 C = Vault XP percentage of total XP
 D = Non-vault monster count
 E = Vault monster count
 F = Vault count percentage of total count
                 A         B        C        D         E       F
            +---------+---------+-------+---------+---------+-------
      Total |     348 |     354 |  50.4 |      69 |      10 |  12.7
            +---------+---------+-------+---------+---------+-------
        D:1 |      38 |       0 |   0.0 |      23 |       0 |   0.0
        D:2 |      58 |     246 |  80.9 |      14 |       2 |  12.5
        D:3 |      30 |       9 |  23.1 |      10 |       3 |  23.1
        D:4 |     160 |      99 |  38.2 |      19 |       5 |  20.8
        D:5 |      62 |       0 |   0.0 |       3 |       0 |   0.0
            +---------+---------+-------+---------+---------+-------
